 Dungeon Crawl Stone Soup version 0.16-a0-1243-g6e0463c (webtiles) character file.

163 Kashira the Chopper (level 5, -1/42 HPs)
             Began as a Vine Stalker Berserker on Oct 13, 2014.
             Was a Priest of Trog.
             Slain by a big kobold
             ... wielding a +2 short sword of draining
              (7 damage)
             ... in a sewer.
             The game lasted 00:04:52 (1879 turns).

Kashira the Chopper (Vine Stalker Berserker)        Turns: 1879, Time: 00:04:53

Health: -1/42      AC:  2    Str: 25    XL:     5   Next: 44%
Magic:  0/7        EV: 12    Int:  8    God:    Trog [***...]
Gold:   107        SH:  0    Dex: 13    Spells: 0 memorised, 4 levels left

rFire  . . .     SeeInvis +     a - +0 hand axe
rCold  . . .     Clarity  .     b - +0 animal skin
rNeg   . . .     SustAb   .     (no shield)
rPois  .         Gourm    +     (no helmet)
rElec  .         Spirit   +     (no cloak)
rCorr  .         Warding  .     (no gloves)
rMut   .         Stasis   .     (no boots)
MR     .....                    g - amulet of the gourmand
Stlth  ..........               (no ring)
                                m - ring of see invisible

@: berserking, heavily drained, very quick, not resistant to hostile
enchantments, extremely unstealthy
A: fangs 2, regeneration 1, magic shield, antimagic bite, no device heal 3, rot
immunity
a: Burn Spellbooks, Berserk, Trog's Hand, Renounce Religion


You were in a sewer.
You worshipped Trog.
Trog was most pleased with you.
You were not hungry.

You visited 1 branch of the dungeon, and saw 3 of its levels.
You also visited: Sewer.

You collected 107 gold pieces.

Inventory:

Hand weapons
 a - a +0 hand axe (weapon)
Armour
 b - a +0 animal skin (worn)
Jewellery
 g - an amulet of the gourmand (around neck)
 m - a ring of see invisible (left hand)
Scrolls
 e - 2 scrolls of fear {unknown}
 f - 3 scrolls of identify
 h - 2 scrolls of teleportation {unknown}
Potions
 d - 2 potions of cancellation {unknown}
 j - a potion of brilliance
 l - a potion of curing {unknown}
Comestibles
 c - a bread ration


   Skills:
 + Level 3.2(1.8) Fighting
 * Level 3.9(2.5) Axes
 + Level 1.7(0.4) Armour
 + Level 2.5(1.1) Dodging
 * Level 2.7(1.4) Stealth


You had 4 spell levels left.
You didn't know any spells.

Dungeon Overview and Level Annotations

Branches:
Dungeon (3/15)

Altars:
Elyvilon
Sif Muna


Innate Abilities, Weirdness & Mutations

You have extremely sharp teeth.
Your natural rate of healing is unusually fast.
When hurt, damage is shared between your health and your magic reserves.
Your bite disrupts and absorbs the magic of your enemies.
Potions and wands cannot restore your health.
You are immune to rotting.


Message History

The kobold closely misses you.
The big kobold hits you with a short sword of draining!
You feel drained.
Your unstable footing causes you to fumble your attack.
The kobold hits you but does no damage.
The big kobold hits you with a short sword of draining.
You feel drained. The kobold barely misses you.
Your unstable footing causes you to fumble your attack.
The big kobold hits you with a short sword of draining!
* * * LOW HITPOINT WARNING * * *
You feel drained.
* * * LOW HITPOINT WARNING * * *
The kobold splashes around in the water.
Unknown command.
Use which ability? (? or * to list)
A red film seems to cover your vision as you go berserk!
You feel yourself moving faster!
You feel mighty!
You feel somewhat more hungry.
The big kobold hits you with a short sword of draining!
You die...

#≈###≈# #≈≈.≈≈#
##≈≈≈## #≈≈.# #≈..#
#.≈.## ####### #..≈.#
#.≈≈K≈##### #.≈≈≈≈
#@≈(≈≈########..≈≈
#.≈≈K≈###≈≈..≈..####.≈
####### #.≈≈≈≈≈≈≈# ##.
#≈.≈≈..≈≈####≈
.≈≈≈####≈≈≈.##≈. #####
##.≈≈.≈.≈ ##≈≈≈.≈.
#≈≈.≈.≈ #.≈.≈≈≈


You could see a big kobold and a kobold.

Vanquished Creatures
  The ghost of Nicoed the Magician, an average DEFE of Qazlal (D:3)
  A green rat (D:3)
  An adder (D:2)
  2 worms
  A giant mite (D:3)
  5 giant geckos
  A ball python (D:1)
  6 bats
  2 giant cockroaches
  4 goblins
  3 hobgoblins
  9 jackals (D:2)
  An ooze (D:2)
  A quokka (D:2)
  3 giant newts
  4 kobolds
  5 rats
50 creatures vanquished.

Notes
Turn   | Place    | Note
--------------------------------------------------------------
     0 | D:1      | Kashira, the Vine Stalker Berserker, began the quest for the Orb.
     0 | D:1      | Reached XP level 1. HP: 11/11 MP: 1/1
    52 | D:1      | Reached skill level 1 in Stealth
   133 | D:1      | Reached XP level 2. HP: 16/16 MP: 3/3
   215 | D:1      | Reached skill level 3 in Axes
   476 | D:2      | Acquired Trog's second power
   522 | D:2      | Found a white marble altar of Elyvilon.
   566 | D:2      | Reached XP level 3. HP: 15/19 MP: 4/4
  1619 | D:3      | Reached XP level 4. HP: 13/23 MP: 5/5
  1658 | D:3      | Found a deep blue altar of Sif Muna.
  1664 | D:3      | Noticed Nicoed's ghost (average DEFE)
  1669 | D:3      | Killed Nicoed's ghost
  1669 | D:3      | Reached XP level 5. HP: 28/28 MP: 5/7
  1736 | D:3      | Found a glowing drain.
  1771 | Sewer    | Entered a sewer
  1879 | Sewer    | Slain by a big kobold

Action                   |  1- 3 |  4- 6 || total
-------------------------+-------+-------++-------
Melee: Hand axe          |   124 |    46 ||   170
Invok: Berserk           |     1 |     2 ||     3
  Use: Scroll            |       |     6 ||     6
 Stab: Sleeping          |     3 |     1 ||     4
  Eat: Chunk             |     3 |       ||     3
       Meat ration       |       |     1 ||     1
